 Dungeon Crawl Stone Soup version 0.27-a0-1202-ge72e49191c (webtiles) character file.

Game seed: 11647432602300630707

1159 Gwenloh the Tainter (level 8, 0/62 HPs)
             Began as a Naga Venom Mage on June 3, 2021.
             Slain by a gnoll
             ... wielding a +0 flail
              (8 damage)
             ... on level 5 of the Dungeon.
             The game lasted 00:20:54 (6167 turns).

Gwenloh the Tainter (Naga Venom Mage)               Turns: 6167, Time: 00:20:54

Health: 0/62       AC:  3    Str: 11    XL:     8   Next: 39%
Magic:  1/11       EV: 10    Int: 17    God:
Gold:   285        SH:  0    Dex: 12    Spells: 2/11 levels left

rFire    + + .     SeeInvis +   a - +8 rapier of the Howling Shark {freeze, rF++ rC-}
rCold    x . .     Faith    .   (no shield)
rNeg     . . .     Spirit   .   o - +0 robe
rPois    +         Reflect  .   (no helmet)
rElec    .         Harm     .   (no cloak)
rCorr    .         Rampage  .   (no gloves)
Will     +....                  (no barding)
Stlth    ++........             (no amulet)
HPRegen  0.20/turn              (no ring)
MPRegen  0.12/turn              (no ring)

@: short of breath, very slow
A: AC +2, large, see invisible, deformed body, poison resistance, slowness 2,
spit poison 1, naga tail 1
a: Spit Poison


You were on level 5 of the Dungeon.
You visited 1 branch of the dungeon, and saw 5 of its levels.

You collected 285 gold pieces.

Inventory:

Hand Weapons
 a - the +8 rapier of the Howling Shark (weapon) {freeze, rF++ rC-}
   (You found it on level 4 of the Dungeon)

   It has been specially enchanted to freeze those struck by it, causing extra
   injury to most foes and up to half again as much damage against particularly
   susceptible opponents.
   It can also slow down cold-blooded creatures.
   It greatly protects you from fire.
   It makes you vulnerable to cold.
 b - the +5 hunting sling of Forced Transition {speed, rC++}
   (You found it on level 4 of the Dungeon)

   Attacks with this weapon are significantly faster.
   It greatly protects you from cold.
 c - a +0 dagger
 t - a +0 dagger of pain
Missiles
 p - 74 stones
Armour
 o - a +0 robe (worn)
Scrolls
 e - 7 scrolls of identify {unknown}
 g - a scroll of teleportation {unknown}
 h - 2 scrolls of silence {unknown}
 j - 5 scrolls of amnesia {unknown}
 l - a scroll of enchant weapon {unknown}
 m - 2 scrolls of noise {unknown}
 q - 2 scrolls of torment {unknown}
 s - a scroll of enchant armour {unknown}
Potions
 d - 3 potions of lignification
 f - a potion of magic {unknown}
 i - a potion of might {unknown}
 k - a potion of brilliance {unknown}
 n - a potion of flight {unknown}
 r - a potion of heal wounds {unknown}
 u - a potion of degeneration {unknown}


   Skills:
 - Level 1.5 Dodging
 - Level 3.0 Stealth
 - Level 2.1 Spellcasting
 + Level 4.3 Conjurations
 - Level 1.0 Transmutations
 + Level 4.5 Air Magic
 * Level 9.9 Poison Magic


You had 2 spell levels left.
You knew the following spells:

 Your Spells              Type           Power      Damage    Failure   Level
a - Sting                 Tmut/Pois      80%        1d7       1%          1
b - Poisonous Vapours     Pois/Air       52%        N/A       1%          2
c - Mephitic Cloud        Conj/Pois/Air  23%        N/A       4%          3
d - Ignite Poison         Fire/Tmut/Pois 14%        N/A       13%         3

Your spell library contained the following spells:

 Spells                   Type           Power      Damage    Failure   Level
 Corona                   Hex            1%         N/A       19%         1
 Ensorcelled Hibernation  Hex/Ice        2%         N/A       28%         2
 Olgreb's Toxic Radiance  Pois           35%        N/A       3%          4
 Dazzling Flash           Conj/Hex       18%        N/A       24%         3
 Confusing Touch          Hex            1%         N/A       50%         3
 Tukima's Dance           Hex            1%         N/A       50%         3


Dungeon Overview and Level Annotations

Branches:
Dungeon (5/15)
 Temple: D:4-7

Altars:
Trog
Uskayaw

Shops:
D:2 [

Annotations:
D:5 Edmund


Innate Abilities, Weirdness & Mutations

Your serpentine skin is tough. (AC +2)
You have supernaturally acute eyesight. (SInv)
Armour fits poorly on your strangely shaped body.
Your system is resistant to poisons. (rPois)
You cover ground very slowly.
You can spit poison.
You have a snake-like lower body.


Message History

You ignite the poison in your surroundings!
The ogre closely misses you.
The ogre grins madly.
The +8 rapier of the Howling Shark {freeze, rF++ rC-} glows with a cold blue light!
a - the +8 rapier of the Howling Shark (weapon)
{freeze, rF++ rC-} The ogre seems less confused.
Press: ? - help, Shift-Dir - straight line, f/p - ogre
Aim: an ogre, wielding a +0 giant club The splash of poison hits the ogre!
The ogre is moderately wounded.
Casting: Ignite Poison (dangerous; 13% risk of failure)
Confirm with . or Enter, or press ? or * to list all spells.
Aiming: Sting (safe; 1% risk of failure)
Press: ? - help, Shift-Dir - straight line, f/p - ogre
Aim: an ogre, wielding a +0 giant club (moderately wounded, 89% to hit)
The sting hits the ogre.
The ogre is poisoned.
The ogre is heavily wounded.
The ogre hits you with a +0 giant club!!
* * * LOW HITPOINT WARNING * * *
You puncture the ogre! You freeze the ogre.
You kill the ogre!
Okay, then.
Okay, then.
You have got your breath back.
Press: ? - help, Shift-Dir - straight line, f - gnoll
Aim: a gnoll, wielding a +0 flail The splash of poison hits the gnoll.
The gnoll is poisoned.
The gnoll is lightly wounded.
Casting: Sting (safe; 1% risk of failure)
Confirm with . or Enter, or press ? or * to list all spells.
Aiming: Sting (safe; 1% risk of failure)
Press: ? - help, Shift-Dir - straight line, f/p - gnoll
Aim: a gnoll, wielding a +0 flail (lightly wounded, poisoned, 79% to hit)
The sting hits the gnoll.
The gnoll looks even sicker.
The gnoll is moderately wounded.
The gnoll hits you with a +0 flail.
* * * LOW HITPOINT WARNING * * *
The gnoll closely misses you. The gnoll hits you with a +0 flail!
You die...

........####.#####....).......#
.....#...............######.###
#..#.###########..#......#
#†#.## #..#.###### #.### #..#.#
#. #..#.# .. ####..#.# ..
#.......# ..$ #.# #@#####.# .#.
#.# #g# #.# ## #.# #g# #.### ..
#.# #)# #...# #. #.#
#.#####.#.# #. #.# #.......#.#
#. #.# #.####.##.#
...###.####.####.# #.##.#
(((()(..gg.).....####.##.#


You could see 2 gnolls.

Vanquished Creatures
  A shadow (D:5)
  A black bear (D:4)
  A sky beast (D:5)
  A necrophage (D:4)
  An ogre (D:5)
  2 phantoms
  A gnoll sergeant (D:5)
  2 water moccasin skeletons (D:4)
  A centaur zombie (D:3)
  A hound (D:5)
  A centaur skeleton (D:5)
  2 iguanas
  An orc wizard (D:4)
  A hound skeleton (D:5)
  3 gnolls
  2 adders (D:2)
  An adder skeleton (D:4)
  A worm (D:2)
  3 dart slugs
  15 orcs
  7 ball pythons
  6 bats
  2 endoplasms
  5 giant cockroaches
  4 goblins
  7 hobgoblins
  10 jackals
  8 kobolds
  5 quokkas
  3 frilled lizards
  4 rats
103 creatures vanquished.

Vanquished Creatures (others)
  10 plants
10 creatures vanquished.

Grand Total: 113 creatures vanquished

Notes
Turn   | Place    | Note
-------+----------+-------------------------------------------
     0 | D:1      | Gwenloh the Naga Venom Mage began the quest for the Orb.
     0 | D:1      | Reached XP level 1. HP: 15/15 MP: 3/3
   126 | D:1      | Reached XP level 2. HP: 22/22 MP: 3/5
   150 | D:1      | Learned a level 2 spell: Poisonous Vapours
   516 | D:1      | Reached skill level 5 in Poison Magic
   569 | D:1      | Reached XP level 3. HP: 28/28 MP: 3/6
   573 | D:1      | Learned a level 3 spell: Mephitic Cloud
   735 | D:1      | Reached skill level 1 in Air Magic
  1203 | D:1      | Found a faded altar of an unknown god.
  1551 | D:2      | Reached XP level 4. HP: 36/36 MP: 4/7
  2083 | D:2      | Found Oxkan's Armour Shoppe.
  2094 | D:2      | Reached skill level 1 in Conjurations
  2740 | D:3      | Reached skill level 6 in Poison Magic
  2740 | D:3      | Reached XP level 5. HP: 7/42 MP: 2/8
  3345 | D:3      | Found a hide-covered altar of Uskayaw.
  4034 | D:4      | Noticed a necrophage
  4258 | D:4      | Identified the +5 hunting sling of Forced Transition
                  | {speed, rC++}
  4317 | D:4      | Noticed a black bear
  4325 | D:4      | Killed a black bear
  4326 | D:4      | Reached skill level 7 in Poison Magic
  4326 | D:4      | Reached XP level 6. HP: 45/49 MP: 3/9
  4374 | D:3      | Learned a level 3 spell: Ignite Poison
  4509 | D:4      | Found a bloodstained altar of Trog.
  4759 | D:4      | Killed a necrophage
  4906 | D:4      | Reached skill level 8 in Poison Magic
  4906 | D:4      | Reached XP level 7. HP: 42/55 MP: 10/10
  5129 | D:4      | Identified the +8 rapier of the Howling Shark {freeze, rF++
                  | rC-}
  5278 | D:5      | Entered Level 5 of the Dungeon
  5278 | D:5      | Noticed Edmund
  5900 | D:5      | Noticed a shadow
  5906 | D:5      | Killed a shadow
  5907 | D:5      | Reached skill level 9 in Poison Magic
  5969 | D:5      | Reached XP level 8. HP: 41/62 MP: 1/11
  6167 | D:5      | Slain by a gnoll

Illustrated notes

Levels and vault maps discovered:
D:1:      shiori_arrival_oz, layout_basic,
          shapermc_ecumenical_altar_totnotflames, minmay_misc_feat_pillars
D:2:      layout_loops_corners, serial_shops, shop_fountains
D:3:      layout_loops_ring, amcnicky_altar_gilded, minmay_misc_feat_plants,
          serial_bayou_pond_e, hex_medium, kennysheep_cluttered_room
D:4:      layout_rooms, trog_antimagical
D:5:      layout_loops_ring, nicolae_wu_jian_immortal_techniques,
          fedhas_ov_isle_minmay, serial_shops, nicolae_shop_overgrown_old_shop,
          uniq_edmund

Skill      XL: |  1  2  3  4  5  6  7  8 |
---------------+-------------------------+-----
Poison Magic   | 5 6 7 8 9 |  9.9
Air Magic      | 1 2 3 4 |  4.5
Conjurations   | 1 2 3 4 |  4.3
Dodging        | |  1.5
Stealth        | |  3.0
Spellcasting   | |  2.1
Transmutations | |  1.0

Action                   |  1- 3 |  4- 6 |  7- 9 || total
-------------------------+-------+-------+-------++-------
Melee: Dagger            |     9 |    24 |       ||    33
       Rapier            |       |       |    14 ||    14
 Fire: Hunting sling     |       |    27 |    37 ||    64
 Cast: Sting             |    18 |    19 |     6 ||    43
       Poisonous Vapours |    23 |    39 |     8 ||    70
       Mephitic Cloud    |       |     5 |     6 ||    11
       Ignite Poison     |       |     3 |     5 ||     8
 Abil: Spit Poison       |     9 |    14 |     9 ||    32
  Use: Potion            |       |     1 |       ||     1
 Stab: Confused          |       |       |     1 ||     1
Armor: Robe              |     2 |    17 |     6 ||    25
       Skin              |       |    17 |       ||    17
Dodge: Dodged            |     5 |    33 |    10 ||    48

Table legend: (Time is in decaauts)
 A = Elapsed time spent in this place.
 B = Non-inter-level travel time spent in this place.
 C = Inter-level travel time spent in this place.
 D = Time resting spent in this place.
 E = Time spent auto-exploring this place.
 F = Levels seen in this place.
 G = Mean time per level.
                   A        B        C        D        E       F      G
               +--------+--------+--------+--------+--------+-----+--------+
         Total |   7401 |   7057 |    344 |   1318 |   4922 |   5 | 1480.2 |
       Dungeon |   7401 |   7057 |    344 |   1318 |   4922 |   5 | 1480.2 |
               +--------+--------+--------+--------+--------+-----+--------+

Top non-repeatable levels by time:
     D:3: 2053 daAuts
     D:1: 1816 daAuts
     D:4: 1387 daAuts
     D:2: 1367 daAuts
     D:5: 776 daAuts
